Map: Polka LE

Players

Throwfordays - Winner!

  • Race: Protoss Protoss
  • Spawn Location: 11:00

Faust - Winner!

  • Race: Zerg Zerg
  • League: Diamond
  • Spawn Location: 11:00

LilRenn

  • Race: Zerg Zerg
  • League: Master
  • Spawn Location: 5:00

Rennoko

  • Race: Protoss Protoss
  • Spawn Location: 5:00

VOD

Have the link to the VOD?

Description

Time

  • Played on: March 22, 2021, 9:52 p.m.
  • Length: 16:12
Show
View Real Time Build Order
Export as new Build Order

Throwfordays Protoss - Winner!

Build Orders: Forge Fast Expand (FFE), Carriers 

Get SALT Encoding   

  12  0:00  Probe  
  13  0:15  Pylon  
  13  0:18  Probe  
  14  0:30  Probe  
  15  0:40  Forge  
  15  0:42  Probe  
  16  0:54  Probe  
  17  0:58  Assimilator  
  17  1:17  Nexus  
  17  1:29  Probe  
  18  1:41  Probe  
  18  1:44  Gateway  
  19  1:52  Assimilator  
  19  1:53  Probe  
  20  1:55  Pylon  
  20  2:07  Probe  
  21  2:14  Pylon  
  21  2:19  Probe (Chrono Boost)  
  22  2:29  Probe (Chrono Boost)  
  24  2:37  Photon Cannon, Probe (Chrono Boost)  
  24  2:39  Probe (Chrono Boost)  
  24  2:42  Photon Cannon  
  25  2:44  Probe (Chrono Boost)  
  25  2:51  Photon Cannon  
  26  2:55  Probe  
  26  2:57  Probe  
  28  3:08  Probe  
  28  3:09  Probe  
  30  3:20  Probe  
  30  3:22  Probe  
  30  3:25  Cybernetics Core  
  32  3:32  Probe  
  32  3:34  Probe  
  34  3:35  Assimilator  
  34  3:39  Pylon  
  34  3:43  Pylon  
  34  3:44  Probe  
  34  3:46  Assimilator  
  35  3:51  Probe  
  36  3:56  Probe  
  36  3:59  Zealot  
  39  4:03  Probe  
  39  4:06  Photon Cannon  
  39  4:08  Probe  
  41  4:14  Photon Cannon  
  41  4:15  Probe  
  42  4:17  Photon Cannon  
  42  4:20  Probe  
  42  4:21  Photon Cannon  
  43  4:25  Photon Cannon  
  43  4:32  Warp Gate (Chrono Boost), Probe  
  44  4:39  Stargate  
  44  4:43  Stargate  
  44  4:46  Stargate  
  44  4:47  Stargate  
  44  4:52  Probe  
  45  5:04  Probe  
  46  5:16  Probe  
  47  5:36  Fleet Beacon  
  47  5:44  Robotics Facility  
  47  5:50  Pylon, Void Ray x3  
  47  5:52  Void Ray  
  59  5:57  Nexus  
  63  6:04  Assimilator  
  63  6:06  Assimilator  
  63  6:09  Pylon  
  63  6:20  Protoss Shields Level 1  
  63  6:24  Protoss Air Weapons Level 1 (Chrono Boost)  
  63  6:27  Probe  
  63  6:29  Probe  
  63  6:31  Void Ray  
  65  6:39  Probe  
  70  6:41  Probe  
  70  6:43  Flux Vanes  
  71  6:49  Warp Prism  
  71  6:51  Probe  
  71  6:53  Void Ray  
  71  6:54  Probe  
  79  7:05  Void Ray  
  83  7:20  Probe  
  84  7:23  Probe  
  84  7:27  Probe  
  84  7:28  Void Ray x2  
  86  7:32  Probe  
  86  7:35  Probe  
  96  7:39  Probe  
  96  7:43  Cybernetics Core  
  97  7:45  Probe  
  97  7:47  Probe  
  97  7:51  Probe  
  100  7:55  Nexus  
  100  7:57  Pylon, Probe  
  101  8:00  Assimilator  
  101  8:05  Assimilator  
  101  8:08  Pylon  
  101  8:15  Probe x3  
  104  8:29  Carrier x2  
  104  8:33  Pylon  
  116  8:40  Pylon  
  116  8:41  Pylon  
  116  8:43  Pylon  
  116  8:47  Probe  
  117  8:51  Carrier  
  123  8:58  Carrier  
  129  9:11  Stargate  
  129  9:17  Twilight Council  
  129  9:21  Pylon  
  129  9:23  Pylon  
  129  9:24  Protoss Air Armor Level 1  
  129  9:29  Protoss Air Weapons Level 2  
  129  9:31  Probe  
  130  9:38  Carrier  
  136  9:41  Carrier  
  136  9:43  Probe  
  143  9:55  Probe  
  143  9:57  Carrier  
  150  10:07  Probe  
  151  10:19  Probe  
  148  10:31  Probe  
  125  10:56  Carrier x3  
  149  10:57  Carrier  
  149  11:06  Probe  
  150  11:20  Carrier  
  150  11:21  Protoss Shields Level 2  
  156  11:30  Probe (Chrono Boost)  
  158  11:40  Probe (Chrono Boost)  
  158  11:44  Probe (Chrono Boost), Protoss Air Armor Level 2  
  159  11:56  Probe  
  150  12:02  Carrier x2  
  150  12:03  Carrier  
  161  13:11  Pylon x2  
  161  13:13  Pylon  
  161  13:15  Pylon  
  161  13:19  Nexus  
  161  13:24  Carrier  
  161  13:26  Carrier  
  161  13:30  Protoss Air Weapons Level 3  
  113  13:53  Carrier  
  113  13:54  Carrier x2  
  125  14:08  Assimilator  
  125  14:13  Pylon  
  125  14:18  Stargate  
  125  14:20  Stargate  
  125  14:28  Probe  
  132  14:31  Carrier  
  132  14:33  Carrier  
  138  15:05  Void Ray x3  
  150  15:20  Probe  
  151  15:25  Void Ray  
  151  15:26  Void Ray  
  151  15:32  Probe  
Show
View Real Time Build Order
Export as new Build Order

Faust Zerg - Winner!

Build Orders: Hatch First, Lurkers 

Get SALT Encoding   

  12  0:01  Drone  
  13  0:08  Drone  
  14  0:15  Extractor  
  14  0:17  Drone  
  14  0:21  Extractor  
  13  0:22  Drone  
  13  0:27  Overlord  
  16  0:47  Drone x2  
  18  0:57  Hatchery  
  17  1:12  Spawning Pool  
  17  1:14  Drone  
  17  1:41  Drone x2  
  17  1:43  Drone  
  17  1:47  Hatchery  
  19  1:53  Overlord  
  19  2:00  Queen  
  21  2:04  Drone  
  22  2:09  Drone  
  22  2:15  Queen  
  23  2:22  Drone x2  
  27  2:26  Drone  
  28  2:31  Drone  
  28  2:32  Extractor  
  28  2:35  Overlord  
  28  2:42  Queen  
  30  2:44  Drone  
  30  2:48  Overlord  
  31  2:55  Drone  
  31  2:57  Drone  
  33  2:59  Drone  
  33  3:03  Queen  
  36  3:06  Drone  
  36  3:09  Drone  
  36  3:11  Drone x2  
  40  3:13  Drone  
  40  3:16  Drone  
  40  3:19  Overlord  
  42  3:31  Drone x2  
  42  3:32  Extractor  
  42  3:33  Drone x3  
  46  3:37  Extractor  
  46  3:39  Drone x2  
  46  3:40  Extractor, Drone  
  48  3:41  Drone  
  48  3:46  Drone  
  48  3:47  Drone  
  50  3:56  Zergling x6  
  50  4:01  Zergling x6  
  50  4:02  Zergling x2, Spine Crawler  
  42  4:12  Zergling x4  
  42  4:13  Zergling x4  
  42  4:16  Zergling x2  
  45  4:25  Zergling x8  
  45  4:29  Zergling x2  
  50  4:34  Zergling x4  
  52  4:45  Metabolic Boost  
  52  4:47  Lair  
  52  4:51  Drone  
  54  4:52  Drone  
  54  4:54  Drone  
  54  4:57  Drone  
  56  5:04  Drone x2  
  58  5:08  Drone x2  
  58  5:13  Drone x2  
  62  5:16  Drone  
  62  5:21  Drone x2  
  48  5:57  Zergling x2  
  48  6:00  Drone  
  48  6:01  Drone x2  
  50  6:05  Hydralisk Den  
  50  6:08  Drone, Spire  
  50  6:09  Drone  
  50  6:10  Drone x11  
  61  6:11  Queen  
  61  6:18  Drone  
  64  6:29  Drone  
  64  6:30  Drone  
  64  6:31  Overlord x2  
  66  6:33  Overlord  
  65  6:47  Muscular Augments  
  65  6:49  Queen  
  65  6:51  Hydralisk  
  65  6:52  Hydralisk x6  
  81  6:55  Hydralisk  
  81  6:57  Hydralisk  
  85  7:01  Hydralisk  
  85  7:02  Hydralisk  
  89  7:09  Extractor  
  89  7:10  Drone x2  
  89  7:11  Extractor  
  89  7:12  Drone  
  89  7:13  Overlord  
  89  7:14  Overlord  
  90  7:32  Hatchery  
  89  7:39  Evolution Chamber  
  89  7:41  Evolution Chamber  
  89  7:42  Spore Crawler  
  89  7:43  Evolution Chamber  
  85  7:48  Hydralisk  
  85  7:49  Hydralisk x6  
  99  7:56  Spore Crawler  
  98  7:59  Grooved Spines  
  98  8:02  Hydralisk  
  98  8:03  Spore Crawler, Hydralisk x3  
  105  8:05  Overlord  
  105  8:17  Zerg Missile Weapons Level 1  
  105  8:22  Zerg Ground Armor Level 1  
  105  8:23  Zerg Melee Weapons Level 1  
  105  8:27  Drone  
  105  8:28  Drone x8  
  105  8:31  Overlord x2  
  114  8:40  Lurker Den  
  113  8:43  Drone, Infestation Pit  
  113  8:46  Drone x3  
  113  8:47  Drone x4  
  120  8:54  Drone x4  
  120  8:55  Drone  
  115  9:23  Hydralisk x2  
  115  9:24  Hydralisk x10  
  115  9:33  Hydralisk  
  115  9:34  Hydralisk x2  
  111  9:48  Hive  
  107  9:53  Lurker x2  
  107  9:54  Lurker x2  
  107  9:56  Lurker x2  
  107  9:57  Hydralisk x2  
  95  10:08  Lurker  
  75  10:36  Hydralisk  
  75  10:37  Hydralisk x6  
  75  10:38  Hydralisk  
  85  10:46  Drone  
  85  10:47  Drone x6  
  85  10:48  Drone x2, Hydralisk  
  85  10:49  Drone, Hydralisk x2  
  101  10:59  Lurker  
  101  11:20  Hatchery  
  101  11:21  Extractor  
  101  11:23  Extractor  
  98  11:28  Drone x3  
  98  11:29  Drone x3  
  104  11:39  Lurker x2  
  106  11:40  Lurker x2  
  106  11:42  Lurker  
  109  11:49  Adaptive Talons  
  109  12:04  Zerg Melee Weapons Level 2  
  107  12:20  Hydralisk x3  
  109  12:38  Hydralisk  
  109  12:39  Hydralisk x4  
  119  12:45  Drone  
  119  12:46  Drone x5, Seismic Spines  
  119  12:47  Hatchery  
  124  12:53  Queen  
  114  13:35  Hydralisk  
  114  13:36  Hydralisk x7  
  130  14:10  Lurker x6  
  130  14:11  Lurker x2  
  123  14:33  Hydralisk  
  123  14:34  Hydralisk x6  
  134  14:43  Hydralisk  
  136  14:53  Overlord x5  
  122  15:28  Hydralisk  
  122  15:29  Hydralisk x11  
Show
View Real Time Build Order
Export as new Build Order

LilRenn Zerg 

Build Orders: Hatch First 

Get SALT Encoding   

  12  0:01  Drone  
  13  0:14  Drone  
  13  0:21  Extractor, Drone  
  13  0:22  Extractor  
  13  0:23  Drone  
  15  0:50  Hatchery  
  15  0:52  Overlord  
  14  1:11  Spawning Pool, Drone  
  13  1:17  Drone  
  15  1:22  Drone  
  16  1:27  Drone  
  17  1:34  Drone  
  18  1:44  Drone  
  19  1:59  Metabolic Boost  
  19  2:00  Zergling x2  
  20  2:03  Queen  
  20  2:05  Drone  
  23  2:13  Queen  
  25  2:17  Zergling x2  
  25  2:20  Zergling x2  
  27  2:23  Zergling x2  
  27  2:29  Overlord  
  28  2:46  Queen  
  28  2:47  Zergling x2, Overlord  
  31  2:59  Queen  
  33  3:08  Zergling x2  
  33  3:09  Zergling x6  
  33  3:11  Zergling x2  
  38  3:23  Overlord  
  38  3:36  Lair  
  38  3:41  Queen  
  39  4:03  Drone x4  
  43  4:13  Drone  
  42  4:35  Drone  
  42  4:36  Drone x3  
  39  4:41  Spire  
  38  4:47  Evolution Chamber  
  38  4:49  Drone  
  38  4:50  Drone x6  
  38  4:51  Overlord  
  38  4:52  Overlord  
  44  4:53  Evolution Chamber  
  44  4:59  Extractor  
  42  5:18  Zergling x8  
  42  5:20  Zergling x2  
  47  5:22  Zergling x2  
  47  5:52  Mutalisk x2  
  47  5:53  Mutalisk x2  
  47  5:55  Zergling x4  
  57  5:59  Extractor  
  57  6:00  Extractor  
  55  6:05  Drone x2  
  57  6:15  Drone x2  
  59  6:30  Hatchery, Mutalisk  
  59  6:32  Overlord  
  60  6:37  Overlord x2  
  60  6:47  Zerg Melee Weapons Level 1  
  60  6:49  Zerg Ground Armor Level 1  
  60  6:51  Zerg Flyer Weapons Level 1  
  60  6:57  Mutalisk  
  62  7:12  Pneumatized Carapace  
  62  7:15  Mutalisk  
  64  7:28  Mutalisk  
  66  7:30  Zergling x6  
  66  7:31  Zergling x4  
  66  7:32  Drone x2  
  73  7:51  Mutalisk x2  
  77  8:03  Hatchery  
  77  8:04  Drone x2  
  77  8:05  Drone x3  
  81  8:16  Extractor  
  81  8:17  Extractor  
  79  8:23  Mutalisk  
  79  8:24  Drone  
  79  8:25  Drone x4  
  79  8:26  Drone  
  87  8:28  Drone  
  88  8:46  Zerg Flyer Armor Level 1  
  88  8:50  Mutalisk  
  88  8:52  Overlord x3  
  78  9:30  Zergling x12, Mutalisk x2  
  78  9:31  Mutalisk x5  
  88  9:33  Zergling x4  
  100  9:59  Mutalisk x3  
  100  10:00  Mutalisk x3  
  100  10:01  Zergling x2  
  112  10:14  Zergling x8  
  112  10:15  Zergling x6  
  119  10:34  Mutalisk x3  
  119  10:35  Mutalisk  
  98  10:52  Overlord x2  
  98  10:56  Overseer  
  98  11:17  Drone x4, Corruptor x2  
  98  11:18  Corruptor x2  
  105  11:21  Corruptor  
  108  11:28  Overlord  
  108  11:44  Mutalisk  
  110  11:57  Corruptor x2  
  114  12:02  Corruptor  
  116  12:10  Zerg Flyer Weapons Level 2  
  116  12:27  Corruptor, Mutalisk  
  116  12:28  Corruptor  
  122  12:39  Hatchery  
  120  12:55  Corruptor  
  120  12:56  Corruptor x4  
  117  12:59  Corruptor  
  97  13:32  Zergling x2  
  97  13:33  Zergling x16  
  77  13:52  Mutalisk  
  77  13:53  Mutalisk x2  
  76  14:03  Mutalisk  
  76  14:04  Mutalisk  
  76  14:07  Overseer  
  76  14:08  Overseer  
  76  14:09  Overlord  
  79  14:30  Mutalisk x2  
  79  14:31  Mutalisk x2  
  82  14:39  Mutalisk  
  71  14:57  Mutalisk x2  
  71  15:03  Drone  
  63  15:27  Mutalisk  
Show
View Real Time Build Order
Export as new Build Order

Rennoko Protoss 

Build Orders: 1 Gate Expand, Double Forge, Blink Stalkers 

Get SALT Encoding   

  12  0:01  Probe  
  13  0:13  Probe  
  14  0:19  Pylon  
  14  0:25  Probe  
  15  0:38  Gateway  
  15  0:41  Probe  
  16  0:51  Assimilator  
  16  0:53  Probe  
  17  1:08  Probe  
  18  1:21  Probe  
  19  1:25  Nexus  
  19  1:38  Cybernetics Core  
  18  1:48  Probe  
  18  1:52  Assimilator  
  19  2:00  Probe  
  20  2:06  Pylon  
  20  2:12  Probe  
  20  2:15  Warp Gate  
  21  2:19  Twilight Council  
  21  2:25  Gateway  
  21  2:31  Stalker  
  21  2:35  Probe  
  24  2:45  Probe  
  24  2:48  Probe  
  26  2:56  Gateway  
  26  2:59  Probe  
  26  3:00  Blink (Chrono Boost)  
  27  3:19  Probe  
  29  3:20  Probe  
  29  3:32  Probe  
  29  3:33  Robotics Facility, Probe  
  31  3:35  Pylon  
  31  3:40  Stalker  
  33  3:46  Stalker  
  35  3:51  Stalker  
  37  4:03  Pylon  
  37  4:06  Assimilator  
  37  4:11  Forge  
  37  4:16  Probe x2  
  39  4:30  Probe (Chrono Boost)  
  41  4:31  Probe (Chrono Boost)  
  41  4:40  Protoss Ground Weapons Level 1 (Chrono Boost)  
  41  4:42  Probe (Chrono Boost)  
  41  4:43  Stalker, Probe (Chrono Boost)  
  41  4:44  Stalker x2  
  49  4:53  Forge  
  49  4:54  Probe  
  49  4:56  Probe  
  49  4:58  Pylon  
  51  5:05  Photon Cannon  
  51  5:17  Photon Cannon, Probe x2  
  54  5:21  Observer  
  54  5:25  Stalker x2  
  57  5:57  Probe x2  
  57  6:03  Photon Cannon  
  59  6:05  Protoss Ground Armor Level 1 (Chrono Boost)  
  59  6:06  Assimilator  
  59  6:08  Stalker x3  
  59  6:09  Probe x2  
  59  6:10  Pylon  
  67  6:19  Gateway  
  67  6:20  Pylon, Gateway  
  67  6:23  Probe x2  
  69  6:35  Probe  
  70  6:52  Probe x2  
  72  6:56  Nexus  
  72  6:59  Pylon  
  72  7:00  Protoss Ground Weapons Level 2 (Chrono Boost)  
  72  7:01  Pylon  
  72  7:04  Assimilator, Probe x2  
  74  7:09  Assimilator, Sentry x3  
  80  7:16  Templar Archives  
  80  7:23  Robotics Bay  
  80  7:27  Robotics Facility  
  80  7:29  Pylon, Probe x2  
  82  7:40  Pylon  
  82  7:41  Probe  
  83  7:47  Pylon  
  83  7:48  Probe  
  84  7:53  Probe  
  84  7:54  Psionic Storm  
  84  7:57  Protoss Ground Armor Level 2 (Chrono Boost)  
  85  8:08  Probe x2  
  85  8:09  Probe  
  88  8:14  Photon Cannon  
  88  8:17  Photon Cannon  
  88  8:21  Probe x3  
  88  8:22  Pylon, Photon Cannon  
  91  8:38  Stalker x3  
  91  8:39  Stalker x2  
  101  8:41  Extended Thermal Lance (Chrono Boost)  
  101  9:02  Charge (Chrono Boost)  
  101  9:04  Nexus  
  101  9:06  Pylon  
  101  9:08  Pylon  
  95  9:40  Stalker x5  
  95  9:43  Protoss Ground Weapons Level 3 (Chrono Boost)  
  95  9:44  Colossus (Chrono Boost)  
  95  9:45  Colossus (Chrono Boost)  
  115  10:06  Gateway  
  115  10:07  Gateway  
  115  10:14  Gateway  
  115  10:17  Gateway  
  85  10:46  Stalker x3  
  85  10:47  Stalker x2  
  85  10:48  Protoss Ground Armor Level 3 (Chrono Boost)  
  83  10:52  Probe  
  83  10:53  Probe x3  
  87  11:07  Assimilator  
  87  11:09  Assimilator  
  87  11:10  Stalker x7  
  87  11:11  Stalker  
  103  11:13  Pylon  
  103  11:31  Probe x4  
  107  11:38  Zealot  
  107  11:39  Zealot x2  
  113  11:40  Zealot x6  
  113  11:43  Probe x3  
  128  11:52  Pylon  
  128  11:55  Pylon  
  128  11:57  Pylon  
  128  12:21  Stalker  
  128  12:22  Stalker x8  
  146  12:33  Protoss Shields Level 1 (Chrono Boost)  
  146  12:53  Stalker x2  
  146  12:54  Stalker x6  
  146  12:55  Stalker  
  164  13:17  Stalker x3  
  164  13:18  Stalker x4  
  164  13:19  Stalker x2  
  151  13:52  Zealot  
  151  13:53  Zealot x7  
  151  13:54  Zealot  
  56  14:39  Stalker x2  
  56  14:40  Stalker x5  
  56  14:41  Stalker  
  56  14:42  Stalker  
  74  15:18  Stalker  
  74  15:19  Stalker x4  
  74  15:20  Stalker x3  
  72  15:47  Stalker x3  
  72  15:48  Stalker x6  
Tags
 
Add a new tag
Caveats
  • Supply blocks, unpowered buildings, or Contaminate may cause inaccurate times.
  • Supply counts are checked every 10 seconds.